 Dungeon Crawl Stone Soup version 0.17.1-3-g152610e (webtiles) character file.

128 GFox the Cudgeler (level 5, -2/55 HPs)
             Began as an Ogre Berserker on Apr 12, 2016.
             Was a Priest of Trog.
             Slain by Locuples's ghost (6 damage)
             ... on level 3 of the Dungeon.
             The game lasted 00:21:11 (3374 turns).

GFox the Cudgeler (Ogre Berserker)                  Turns: 3374, Time: 00:21:11

Health: -2/55      AC:  3    Str: 23    XL:     5   Next: 11%
Magic:  5/5        EV: 11    Int:  6    God:    Trog [***...]
Gold:   93         SH:  0    Dex:  9    Spells: 0 memorised, 4 levels left

rFire  . . .     SeeInvis .     a - +0 mace
rCold  . . .     Clarity  .     b - +0 animal skin
rNeg   . . .     SustAt   .     (no shield)
rPois  .         Gourm    .     (helmet restricted)
rElec  .         Spirit   .     (no cloak)
rCorr  .         Warding  .     (gloves unavailable)
rMut   .         Stasis   .     (boots unavailable)
MR     .....                    (no amulet)
Stlth  +.........               (no ring)
                                (no ring)

@: about to teleport, not resistant to hostile enchantments, very unstealthy
A: unfitting armour, tough skin 1
a: Berserk, Trog's Hand, Burn Spellbooks, Renounce Religion


You were on level 3 of the Dungeon.
You worshipped Trog.
Trog was most pleased with you.
You were not hungry.

You visited 1 branch of the dungeon, and saw 3 of its levels.

You collected 93 gold pieces.

Inventory:

Hand Weapons
 a - a +0 mace (weapon)
Armour
 b - a +0 animal skin (worn)
Scrolls
 e - a scroll of identify
 f - a scroll of teleportation
 h - a scroll of recharging
Comestibles
 c - a bread ration
 g - a slice of pizza
 i - 3 fruits
 j - 2 meat rations
 l - 7 chunks of flesh


   Skills:
 + Level 4.8 Fighting
 + Level 5.0 Maces & Flails
 + Level 4.2 Dodging
 + Level 0.1 Stealth


You had 4 spell levels left.
You didn't know any spells.

Dungeon Overview and Level Annotations

Branches:
Dungeon (3/15)

Altars:
Ashenzari
Cheibriados
Elyvilon
Makhleb
Xom
Yredelemnul

Annotations:
D:3 Locuples's ghost, weakling MiFi


Innate Abilities, Weirdness & Mutations

You are too large for most types of armour.
You have tough skin (AC +1).


Message History

* * * LOW HITPOINT WARNING * * *
You hit Locuples's ghost but do no damage.
Locuples's ghost is lightly damaged.
Locuples's ghost hits you but does no damage.
You aren't carrying any potions.
You hit Locuples's ghost but do no damage.
Locuples's ghost is lightly damaged.
Locuples's ghost closely misses you.
Read which item? (? for menu, Esc to quit)
As you read the scroll labeled CANLAQIACS, it crumbles to dust.
It is a scroll of recharging.
You aren't carrying any rechargeable items.
Locuples's ghost closely misses you.
You hit Locuples's ghost but do no damage.
Locuples's ghost is lightly damaged.
Locuples's ghost barely misses you.
Read which item? (? for menu, Esc to quit)
As you read the scroll of teleportation, it crumbles to dust.
You feel strangely unstable. Locuples's ghost hits you.
You die...

#### #####..#
#####.....##
###@....##..#
#.W.######.#####
#.######.......#
#.###..........#
.....................#
....W................#
................))...#
.......####.....)....####
....... #....#........#


You could see Locuples's ghost.

Vanquished Creatures
  2 adders (D:2)
  3 gnolls (D:2)
  An ooze (D:2)
  3 worms (D:2)
  3 orcs (D:3)
  4 giant cockroaches
  13 goblins
  5 hobgoblins
  4 jackals (D:1)
  2 ball pythons (D:1)
  6 bats
  2 giant newts (D:2)
  15 kobolds
  3 rats
66 creatures vanquished.

Notes
Turn   | Place    | Note
--------------------------------------------------------------
     0 | D:1      | GFox the Ogre Berserker began the quest for the Orb.
     0 | D:1      | Reached XP level 1. HP: 24/24 MP: 1/1
   183 | D:1      | Reached XP level 2. HP: 32/32 MP: 2/2
   594 | D:1      | Reached ** piety under Trog
   739 | D:1      | Reached XP level 3. HP: 39/39 MP: 3/3
  1137 | D:2      | Found a shattered altar of Ashenzari.
  1215 | D:2      | Reached XP level 4. HP: 44/49 MP: 4/4
  1565 | D:2      | Found a burning altar of Makhleb.
  1565 | D:2      | Found a shimmering altar of Xom.
  1817 | D:2      | Found a white marble altar of Elyvilon.
  1872 | D:2      | Found a basalt altar of Yredelemnul.
  2201 | D:2      | Found a snail-covered altar of Cheibriados.
  2427 | D:2      | Reached *** piety under Trog
  2427 | D:2      | Reached skill level 5 in Maces & Flails
  2839 | D:2      | Reached XP level 5. HP: 55/55 MP: 5/5
  3352 | D:3      | Noticed Locuples's ghost (weakling MiFi)
  3374 | D:3      | Slain by Locuples's ghost

Action                   |  1- 3 |  4- 6 || total
-------------------------+-------+-------++-------
Melee: Mace              |   109 |   115 ||   224
Invok: Berserk           |       |     1 ||     1
       Trog's Hand       |       |     1 ||     1
  Use: Scroll            |     3 |     5 ||     8
       Potion            |       |     6 ||     6
  Eat: Bread ration      |     1 |     1 ||     2
       Pizza             |       |     1 ||     1
